 Dungeon Crawl Stone Soup version 0.23.2-1-ga50397a (webtiles) character file.

Game seed: 2576890053858371566

1 MalarOregon the Sneak (level 1, -3/13 HPs)
             Began as a Merfolk Enchanter on May 26, 2019.
             Slain by a leopard gecko (5 damage)
             ... on level 1 of the Dungeon.
             The game lasted 00:00:19 (45 turns).

MalarOregon the Sneak (Merfolk Enchanter)             Turns: 45, Time: 00:00:20

Health: -3/13      AC:  2    Str:  8    XL:     1   Next: 20%
Magic:  2/3        EV: 13    Int: 14    God:
Gold:   3          SH:  0    Dex: 14    Spells: 3/4 levels left

rFire    . . .     SeeInvis .   a - +1 dagger
rCold    . . .     Gourm    .   (no shield)
rNeg     . . .     Faith    .   b - +0 robe
rPois    .         Spirit   .   (no helmet)
rElec    .         Reflect  .   (no cloak)
rCorr    .         Harm     .   (no gloves)
MR       .....                  (no boots)
Stlth    ++........             (no amulet)
HPRegen  0.04/turn              (no ring)
MPRegen  0.08/turn              (no ring)

@: no status effects
A: change form in water, swift swim, stealthy swim
a: no special abilities


You were on level 1 of the Dungeon.
You were not hungry.

You visited 1 branch of the dungeon, and saw 1 of its levels.

You collected 3 gold pieces.

Inventory:

Hand Weapons
 a - a +1 dagger (weapon)
Armour
 b - a +0 robe (worn)
Comestibles
 e - a ration {!d}


   Skills:
 + Level 1.2 Short Blades
 + Level 2.7 Dodging
 + Level 3.3 Stealth
 + Level 2.0 Spellcasting
 + Level 3.0 Hexes


You had 3 spell levels left.
You knew the following spells:

 Your Spells              Type           Power        Failure   Level  Hunger
a - Corona                Hex            #......      7%          1    ##.....

Your spell library contained the following spells:

 Spells                   Type           Power        Failure   Level  Hunger
 Ensorcelled Hibernation  Hex/Ice        #.....       19%         2    ###....
 Confuse                  Hex            #.......     21%         3    ####...
 Tukima's Dance           Hex            #.......     21%         3    ####...
 Dazzling Spray           Conj/Hex       #.....       36%         3    ####...


Dungeon Overview and Level Annotations

Branches:
Dungeon (1/15)

Altars:


Message History

e - a ration Welcome, MalarOregon the Merfolk Enchanter.
The bosom of this dungeon contains the fabled artefact, the Orb of Zot.
Found a staircase leading out of the dungeon.
Unknown command.
Found 3 gold pieces.
Found a stone staircase leading down.
You now have 3 gold pieces.
You open the door.
Found a ration and a scroll labeled KUSTRENNIXIE.
A leopard gecko and a bat come into view.
Found a scroll labeled TIV LYRAWNENAIWI.
There is an open door here.
There are monsters nearby!
There are monsters nearby!
The bat closely misses you.
You miss the bat. The bat misses you.
You hit the bat. The bat closely misses you.
You hit the bat. The bat misses you.
You hit the bat.
You kill the bat!
No target in view!
The leopard gecko hisses angrily.
The leopard gecko is too close now for your liking.
You see here a ration {!d}.
Found a cyan potion.
You completely miss the leopard gecko. The leopard gecko bites you.
You closely miss the leopard gecko. The leopard gecko misses you.
You miss the leopard gecko. The leopard gecko bites you.
You closely miss the leopard gecko. The leopard gecko barely misses you.
You hit the leopard gecko. The leopard gecko barely misses you.
You barely miss the leopard gecko.
The leopard gecko bites you but does no damage.
You miss the leopard gecko. The leopard gecko bites you.
* * * LOW HITPOINT WARNING * * *
The leopard gecko completely misses you.
Aim: a leopard gecko (moderately wounded, chance to defeat MR: 62%)
The leopard gecko is outlined in light.
The leopard gecko barely misses you.
You barely miss the leopard gecko. The leopard gecko bites you.
* * * LOW HITPOINT WARNING * * *
You hit the leopard gecko. The leopard gecko bites you.
You die...

♣.P≈≈≈P.♣ #.#
♣.P≈8≈P.♣##.# ##########
♣.P≈≈≈P...#.# #........#
♣.PPPPP♣♣...# #........#
♣......<♣##.# #...?....#
♣♣♣♣♣♣♣♣♣##.###........#
#>.....'.%....?.+
#.######........# #
#.@......# #.l......#
#........# #.........
#......... ..........
.......... #######!...


You could see a leopard gecko.

Vanquished Creatures
  A bat (D:1)
1 creature vanquished.

Notes
Turn   | Place    | Note
-------+----------+-------------------------------------------
     0 | D:1      | MalarOregon the Merfolk Enchanter began the quest for the
                  | Orb.
     0 | D:1      | Reached XP level 1. HP: 13/13 MP: 3/3
    45 | D:1      | Slain by a leopard gecko

Action                   || total
-------------------------++-------
Melee: Dagger            ||    13
 Cast: Corona            ||     1
Armor: Robe              ||     1
Dodge: Dodged            ||     9
